Map: Dusk Towers

Players

Ninkazi

  • Race: Terran Terran
  • League: Master

IIIIIIIIIIII (State) - Winner!

  • Race: Protoss Protoss
  • League: Master

VOD

Have the link to the VOD?

Description

Time

  • Played on: Feb. 1, 2016, 2:27 p.m.
  • Length: 10:16
Show
View Real Time Build Order
Export as new Build Order

Ninkazi Terran 

Build Orders: Reaper Expand, MMM Bio 

Get SALT Encoding   

  12  0:00  SCV  
  13  0:12  SCV  
  14  0:17  Supply Depot  
  14  0:25  SCV  
  15  0:39  SCV  
  15  0:40  Barracks  
  16  0:44  Refinery  
  16  0:52  SCV  
  17  1:04  SCV  
  18  1:16  SCV  
  19  1:29  Orbital Command  
  19  1:30  Reaper  
  20  1:47  Command Center  
  20  1:57  SCV  
  20  1:58  Supply Depot  
  21  2:01  Marine  
  22  2:12  Factory  
  23  2:15  SCV  
  23  2:21  Barracks Reactor  
  23  2:25  Refinery  
  23  2:27  SCV  
  24  2:39  SCV  
  24  2:52  SCV  
  24  2:56  Command Center  
  25  2:59  Factory Tech Lab  
  25  3:08  Orbital Command  
  25  3:11  Marine  
  26  3:14  Marine  
  26  3:17  SCV  
  28  3:26  Cyclone  
  31  3:29  Marine  
  31  3:32  Marine  
  33  3:35  SCV  
  33  3:37  SCV  
  35  3:42  Supply Depot  
  36  3:49  Marine, Barracks x2  
  36  3:57  SCV  
  36  3:58  SCV  
  38  4:06  Siege Tank  
  38  4:07  Marine  
  38  4:08  Starport  
  42  4:18  Supply Depot  
  40  4:30  Barracks Tech Lab  
  39  4:32  SCV x2  
  41  4:40  Siege Tank  
  41  4:44  SCV x2, Barracks Reactor x2  
  46  4:53  Refinery  
  46  4:56  Marine, Stimpack, SCV x2  
  46  4:58  Refinery  
  49  5:04  Starport Reactor  
  49  5:08  SCV x2  
  49  5:14  Marine  
  51  5:20  SCV x2  
  54  5:28  Command Center  
  54  5:30  Supply Depot  
  54  5:44  Marine x3, SCV x2, Siege Tank  
  62  5:51  Medivac x2, Marine x2  
  68  6:02  Marine  
  68  6:03  SCV  
  70  6:15  Supply Depot  
  70  6:16  Marine  
  70  6:17  SCV  
  70  6:21  Marine  
  70  6:24  Marine  
  70  6:26  SCV  
  70  6:29  SCV  
  69  6:33  Marine  
  69  6:36  Viking x2  
  69  6:38  SCV  
  75  6:42  Supply Depot  
  75  6:44  Marine x2  
  74  6:49  Marine  
  75  7:01  Marine  
  75  7:03  SCV  
  75  7:04  SCV  
  75  7:06  Viking  
  75  7:07  Viking  
  79  7:16  SCV  
  69  7:33  Marine x4  
  69  7:36  Viking  
  72  7:38  SCV x2  
  72  7:40  Orbital Command  
  74  7:50  SCV  
  72  7:51  Combat Shields  
  72  7:54  SCV  
  72  7:56  Orbital Command  
  72  8:00  Marine  
  72  8:01  Orbital Command  
  72  8:02  SCV  
  72  8:03  Marine  
  75  8:14  SCV  
  75  8:22  Marine x2  
  75  8:23  Marine x2  
  75  8:24  SCV  
  75  8:26  SCV  
  83  8:29  Viking  
  83  8:33  Viking  
  87  8:35  SCV  
  87  8:36  SCV  
  87  8:40  Marine x2  
  90  8:42  Marine  
  90  8:46  SCV  
  90  8:47  SCV  
  94  8:48  SCV  
  93  9:00  Marine x5  
  94  9:07  Viking  
  96  9:12  SCV x2  
  98  9:18  Marine x2  
  98  9:20  Marine  
  101  9:27  SCV  
  100  9:37  Marine x3  
  99  9:38  Marine  
  93  9:50  Marine  
  90  9:55  Marine x2  
  90  9:56  Marine x2  
Show
View Real Time Build Order
Export as new Build Order

IIIIIIIIIIII Protoss - Winner!

Build Orders: 1 Gate Expand, Oracle Opening 

Get SALT Encoding   

  12  0:01  Probe (Chrono Boost)  
  13  0:11  Probe (Chrono Boost)  
  14  0:17  Pylon  
  14  0:22  Probe (Chrono Boost)  
  15  0:35  Probe (Chrono Boost)  
  16  0:36  Gateway  
  16  0:46  Assimilator, Probe (Chrono Boost)  
  17  0:56  Probe (Chrono Boost)  
  18  1:07  Probe (Chrono Boost)  
  19  1:19  Nexus  
  19  1:28  Probe (Chrono Boost)  
  20  1:33  Cybernetics Core  
  20  1:38  Probe (Chrono Boost)  
  21  1:45  Assimilator  
  21  1:49  Probe (Chrono Boost)  
  21  1:52  Pylon  
  22  1:59  Probe (Chrono Boost)  
  23  2:03  Pylon  
  23  2:12  Mothership Core (Chrono Boost)  
  23  2:13  Adept  
  27  2:19  Warp Gate  
  27  2:30  Probe (Chrono Boost)  
  27  2:34  Probe (Chrono Boost)  
  29  2:40  Probe (Chrono Boost)  
  30  2:50  Stargate  
  30  2:53  Probe (Chrono Boost)  
  30  2:54  Probe (Chrono Boost)  
  32  3:04  Probe (Chrono Boost)  
  32  3:05  Probe (Chrono Boost)  
  34  3:14  Probe (Chrono Boost)  
  34  3:16  Pylon  
  34  3:18  Pylon  
  34  3:19  Pylon, Probe (Chrono Boost)  
  36  3:25  Probe (Chrono Boost)  
  37  3:29  Probe (Chrono Boost)  
  38  3:35  Probe (Chrono Boost)  
  38  3:36  Oracle (Chrono Boost)  
  38  3:38  Probe  
  43  3:45  Assimilator, Pylon  
  43  3:47  Probe  
  44  3:49  Assimilator, Probe  
  45  3:59  Probe x2  
  47  4:06  Pylon  
  47  4:10  Probe  
  47  4:12  Probe  
  52  4:21  Probe (Chrono Boost)  
  52  4:24  Probe (Chrono Boost)  
  54  4:27  Stargate  
  54  4:28  Fleet Beacon  
  54  4:31  Pylon  
  51  4:33  Probe (Chrono Boost)  
  51  4:35  Robotics Facility, Probe (Chrono Boost)  
  53  4:42  Pylon  
  53  4:43  Probe (Chrono Boost)  
  54  4:46  Probe (Chrono Boost)  
  54  4:49  Protoss Air Weapons Level 1  
  55  5:02  Gateway x2  
  55  5:13  Tempest x2 (Chrono Boost)  
  63  5:17  Probe x2  
  65  5:29  Nexus  
  65  5:32  Observer  
  66  5:36  Forge  
  66  5:38  Twilight Council  
  66  5:40  Probe  
  67  5:43  Probe  
  68  5:55  Stalker  
  70  5:59  Gateway  
  70  6:10  Tempest x2 (Chrono Boost)  
  78  6:27  Adept x2  
  78  6:28  Adept  
  78  6:31  Pylon  
  84  6:35  Pylon  
  84  6:41  Immortal  
  84  6:43  Probe x2, Resonating Glaives  
  84  6:46  Protoss Ground Weapons Level 1 (Chrono Boost)  
  90  6:52  Probe  
  90  6:53  Adept x3  
  97  6:55  Probe  
  97  6:57  Probe  
  99  7:02  Pylon  
  99  7:04  Pylon  
  99  7:06  Pylon  
  99  7:08  Probe  
  101  7:10  Probe  
  101  7:12  Adept  
  101  7:13  Probe  
  104  7:20  Adept, Probe  
  104  7:21  Adept x2  
  109  7:27  Immortal  
  109  7:28  Mothership Core  
  107  7:38  Probe x2  
  109  7:47  Probe  
  109  7:48  Assimilator  
  109  7:49  Assimilator  
  109  7:50  Probe  
  111  7:51  Pylon  
  111  7:53  Tempest (Chrono Boost)  
  111  7:55  Tempest (Chrono Boost)  
  119  8:05  Adept x2  
  121  8:06  Adept  
  121  8:07  Blink  
  121  8:10  Nexus  
  125  8:19  Pylon  
  125  8:20  Pylon  
  125  8:33  Adept x4  
  133  8:38  Probe  
  134  8:41  Gateway  
  134  8:42  Gateway x2  
  134  8:43  Gateway  
  134  8:46  Pylon  
  134  8:53  Adept x2  
  134  8:54  Adept x2  
  142  9:19  Stalker  
  142  9:20  Stalker x2  
  142  9:22  Probe x2  
  152  9:39  Stalker  
  152  9:40  Probe x3  
  152  9:43  Gateway  
  152  9:44  Gateway  
  157  9:46  Gateway  
  157  9:47  Gateway  
  153  9:53  Probe x2  
  153  10:08  Stalker x2  
  153  10:09  Stalker x2  
Tags
 
Add a new tag
Caveats
  • Supply blocks, unpowered buildings, or Contaminate may cause inaccurate times.
  • Supply counts are checked every 10 seconds.